 Dungeon Crawl Stone Soup version 0.29.0-4-gdea44cf6ec (webtiles) character file.

Game seed: 11873445632966105907

103 qw the Chopper (level 4, -15/26 HPs)
             Began as a Tengu Warper on Aug 28, 2022.
             Demolished by an ogre
             ... wielding a +0 giant club
              (35 damage)
             ... on level 4 of the Dungeon.
             The game lasted 00:00:16 (2367 turns).

qw the Chopper (Tengu Warper)                       Turns: 2367, Time: 00:00:17

Health: -15/26     AC:  8    Str: 13    XL:     4   Next: 79%
Magic:  8/8        EV:  6    Int: 13    God:
Gold:   121        SH:  5    Dex: 14    Spells: 7/7 levels left

rFire   + . .      SeeInvis +   m - +0 broad axe
rCold   . . .      Faith    .   (no shield)
rNeg    . . .      Spirit   .   h - +0 chain mail
rPois   .          Reflect  +   (helmet restricted)
rElec   .          Harm     .   (no cloak)
rCorr   .          Rampage  .   (no gloves)
Will    .....                   (boots unavailable)
Stlth   ..........              j - amulet of reflection
HPRegen 0.08/turn               b - ring of protection from fire
MPRegen 0.11/turn               k - ring of see invisible

@: no status effects
A: beak, talons 3
a: no special abilities


You were on level 4 of the Dungeon.
You visited 1 branch of the dungeon, and saw 4 of its levels.

You collected 169 gold pieces.
You spent 48 gold pieces at shops.


Innate Abilities, Weirdness & Mutations

You have a beak for a mouth.
You have claws for feet.


   Skills:
 - Level 2.0 Fighting
 + Level 5.3 Axes
 - Level 1.0 Throwing
 - Level 1.1 Armour
 - Level 2.1 Dodging
 - Level 2.0 Spellcasting
 - Level 2.4 Translocations


You had 7 spell levels left.
You didn't know any spells.
Your spell library contained the following spells:

 Spells                   Type           Power      Damage    Failure   Level
 Blink                    Tloc           14%        N/A       99%         2
 Gell's Gravitas          Tloc           7%         N/A       100%        3
 Lesser Beckoning         Tloc           7%         N/A       100%        3
 Teleport Other           Tloc           7%         N/A       100%        3
 Manifold Assault         Tloc           7%         N/A       100%        5

Inventory:

Hand Weapons
 d - a +1 flail of holy wrath
 m - a +0 broad axe (weapon)
Missiles
 n - 3 boomerangs (quivered)
Armour
 h - a +0 chain mail (worn)
Jewellery
 b - a ring of protection from fire (left hand)
 j - an amulet of reflection (around neck)
 k - a ring of see invisible (right hand)
Scrolls
 e - 2 scrolls of identify
 l - a scroll of teleportation
Potions
 a - 2 potions of degeneration {unknown}
 c - a potion of heal wounds
 f - a potion of resistance {unknown}
 g - a potion of curing
 i - a potion of attraction {unknown}

Dungeon Overview and Level Annotations

Branches:
Dungeon (4/15)
 Temple: D:4-7

Altars:
Trog

Shops:
D:4 *


Message History

Throw: 3 boomerangs
Press: ? - help, Q - select action Shift-Dir - straight line, f - goblin You throw a boomerang.
The boomerang barely misses the goblin.
You hear a shout!
Throw: 3 boomerangs
Press: ? - help, Q - select action Shift-Dir - straight line, f/p - goblin You throw a boomerang.
The boomerang barely misses the goblin.
An ogre comes into view. It is wielding a +0 giant club.
Throw: 3 boomerangs
Press: ? - help, Q - select action Shift-Dir - straight line, f/p - goblin You throw a boomerang.
The boomerang hits the goblin.
You kill the goblin!
A goblin comes into view. It is wielding a +0 dagger.
Throw: 3 boomerangs
Press: ? - help, Q - select action Shift-Dir - straight line, f - adder You throw a boomerang.
The boomerang barely misses the adder.
The goblin shouts!
The boomerang hits the ogre.
The ogre is moderately wounded.
You closely miss the adder. You block the adder's attack.
A kobold comes into view. It is wielding a +0 dagger.
The adder barely misses you.
You closely miss the adder.
The kobold shouts!
Your peck misses the adder. The adder bites you but does no damage.
An orc wizard comes into view. It is wielding a +0 dagger.
The adder bites you but does no damage.
The orc wizard moves out of view.
You closely miss the adder. You claw the adder, but do no damage.
Your peck misses the adder. The adder bites you. x2
You hit the adder. Your peck misses the adder.
The adder is lightly wounded.
The adder bites you but does no damage.
You slash the adder!
You kill the adder!
The ogre hits you with a +0 giant club!!
Ouch! That really hurt!
You die...

#. # #. .###.# ..). ...#
#Kg# ##O# #.@# #.##
+.####### #.......#
#######.#######
######### #........#
#.......# #.....:#.# .
#.......# #.....%#.####.
#.......###.#...........


You could see an ogre, a goblin and a kobold.

Vanquished Creatures
  A gnoll (D:1)
  5 adders
  A worm (D:3)
  A dart slug (D:3)
  2 orcs (D:3)
  2 bats (D:2)
  3 endoplasms
  2 giant cockroaches
  8 goblins
  8 hobgoblins
  A kobold (D:1)
  2 quokkas
  5 ball pythons
  2 frilled lizards (D:1)
  5 rats
48 creatures vanquished.

Notes
Turn   | Place    | Note
-------+----------+-------------------------------------------
     0 | D:1      | qw the Tengu Warper began the quest for the Orb.
     0 | D:1      | Reached XP level 1. HP: 12/12 MP: 4/4
     0 | D:1      | 0 ||| qw: Version: 0.1-a-89-g26bdef1
     0 | D:1      | 0 ||| qw: Game counter: 2588
     0 | D:1      | 0 ||| qw: Always use a shield: true
     0 | D:1      | 0 ||| qw: God list: Okawaru
     0 | D:1      | 0 ||| qw: Allow faded altars: false
     0 | D:1      | 0 ||| qw: Do Orc after D:15 true
     0 | D:1      | 0 ||| qw: Do second Lair branch before Depths: true
     0 | D:1      | 0 ||| qw: Lair rune preference: random
     0 | D:1      | 0 ||| qw: Plans: Normal
     0 | D:1      | 0 ||| PLANNING D:1-11
   126 | D:1      | Found a faded altar of an unknown god.
   227 | D:1      | Reached XP level 2. HP: 17/17 MP: 6/6
   246 | D:1      | Reached skill level 3 in Axes
   631 | D:1      | 631 ||| UPGRADING to +0 ring mail.
   641 | D:1      | 641 ||| DROPPING +0 leather armour.
   642 | D:1      | 642 ||| DROPPING amulet of faith.
   643 | D:1      | 643 ||| UPGRADING to amulet of reflection.
   648 | D:1      | 648 ||| READING scroll labelled DEUDA VIKH.
   649 | D:1      | 649 ||| READING scroll labelled TOHUEZ ETS.
   650 | D:1      | 650 ||| READING scroll labelled XEBYNE WASHRALE.
   655 | D:1      | 655 ||| READING scroll labelled RELINAUNOO.
   656 | D:1      | 656 ||| READING scroll labelled KIUXEA SOMEOR.
   657 | D:1      | 657 ||| DROPPING scroll of blinking.
   730 | D:2      | Reached XP level 3. HP: 21/21 MP: 7/7
  1077 | D:2      | Reached skill level 4 in Axes
  1338 | D:2      | 1338 ||| UPGRADING to ring of protection from fire.
  1339 | D:2      | 1339 ||| READING scroll labelled BIETABOANK.
  1474 | D:3      | Found a bloodstained altar of Trog.
  1478 | D:3      | 1478 ||| READING 2 scrolls of identify.
  1478 | D:3      | 1478 ||| IDENTIFYING sedimented clear potion
  1479 | D:3      | 1479 ||| Stepping randomly (stuck).
  1480 | D:3      | 1480 ||| Stepping randomly (stuck).
  1481 | D:3      | 1481 ||| Stepping randomly (stuck).
  1482 | D:3      | 1482 ||| Stepping randomly (stuck).
  1483 | D:3      | 1483 ||| Stepping randomly (stuck).
  1484 | D:3      | 1484 ||| Stepping randomly (stuck).
  1485 | D:3      | 1485 ||| Stepping randomly (stuck).
  1486 | D:3      | 1486 ||| Stepping randomly (stuck).
  1487 | D:3      | 1487 ||| Stepping randomly (stuck).
  1488 | D:3      | 1488 ||| Stepping randomly (stuck).
  1546 | D:3      | 1546 ||| Stepping randomly (stuck).
  1547 | D:3      | 1547 ||| Stepping randomly (stuck).
  1562 | D:3      | 1562 ||| FLEEEEING.
  1563 | D:3      | 1563 ||| FLEEEEING.
  1577 | D:3      | Reached XP level 4. HP: 16/26 MP: 8/8
  1858 | D:3      | Reached skill level 5 in Axes
  2134 | D:3      | 2134 ||| UPGRADING to +0 chain mail.
  2144 | D:3      | 2144 ||| DROPPING +0 ring mail.
  2145 | D:3      | 2145 ||| UPGRADING to ring of see invisible.
  2146 | D:3      | 2146 ||| DROPPING +6 ring of intelligence.
  2147 | D:3      | 2147 ||| DRINKING 2 blue potions.
  2148 | D:3      | 2148 ||| READING 2 scrolls of identify.
  2148 | D:3      | 2148 ||| IDENTIFYING sapphire potion
  2149 | D:3      | 2149 ||| DROPPING potion of berserk rage.
  2209 | D:4      | Found Irorchov's Mayhem Merchandise.
  2217 | D:4      | 2217 ||| BUYING +0 broad axe (48 gold).
  2217 | D:4      | Bought a +0 broad axe for 48 gold pieces
  2217 | D:4      | 2217 ||| SWAPPING to +0 broad axe.
  2218 | D:4      | 2218 ||| DROPPING +0 hand axe.
  2359 | D:4      | Noticed an ogre
  2367 | D:4      | Demolished by an ogre

Levels and vault maps discovered:
D:1:      dpeg_arrival_long_road, layout_rooms, nicolae_ecumenical_lake_church,
          grunt_decor_cap
D:2:      layout_loops_ring
D:3:      layout_basic, amcnicky_altar_gilded, minmay_fractal_squares_5
D:4:      layout_loops_cross, grunt_temple_overflow_lords_of_destruction,
          minmay_shop_mayhem, grunt_decor_mini_mirrors, minmay_manual_mail,
          uniq_blork_the_orc, uniq_crazy_yiuf_cottage

Skill      XL: |  1  2  3  4 |
---------------+-------------+-----
Axes           | 3 4 5 |  5.3
Fighting       | |  2.0
Throwing       | |  1.0
Armour         | |  1.1
Dodging        | |  2.1
Spellcasting   | |  2.0
Translocations | |  2.4

Action                   |  1- 3 |  4- 6 || total
-------------------------+-------+-------++-------
Melee: Hand axe          |    59 |    31 ||    90
       Kick              |    10 |    10 ||    20
       Peck              |     9 |     4 ||    13
       Broad axe         |       |     5 ||     5
       Punch             |       |     1 ||     1
Throw: Boomerang         |    36 |    12 ||    48
  Use: Scroll            |     7 |     1 ||     8
       Potion            |       |     1 ||     1
 Stab: Sleeping          |     1 |       ||     1
Armor: Ring mail         |     7 |     5 ||    12
       Chain mail        |       |     3 ||     3
Dodge: Dodged            |    23 |    13 ||    36
Block: Other             |     4 |     3 ||     7

Table legend:
 A = Non-vault XP
 B = Vault XP
 C = Vault XP percentage of total XP
 D = Non-vault monster count
 E = Vault monster count
 F = Vault count percentage of total count
                 A         B        C        D         E       F
            +---------+---------+-------+---------+---------+-------
      Total |     119 |      43 |  26.5 |      38 |      10 |  20.8
            +---------+---------+-------+---------+---------+-------
        D:1 |      33 |       0 |   0.0 |      12 |       0 |   0.0
        D:2 |      35 |       0 |   0.0 |      14 |       0 |   0.0
        D:3 |      47 |      25 |  34.7 |      10 |       7 |  41.2
        D:4 |       4 |      18 |  81.8 |       2 |       3 |  60.0
            +---------+---------+-------+---------+---------+-------
